details: 'nadmata3'

« prev index next »

General information

Mini Map

Players

team 1
Humannaeroka (purple | 74 APM | 1106 actions | 14:51)
Hero icon 3 Archmage
Ability icon 2 Summon Water Elemental
Ability icon 1 Brilliance Aura
Hero icon 1 Mountain King
Ability icon 1 Storm Bolt

» actions
Assign group hotkey30
Basic commands31
Build / train57
ESC pressed1
Enter build submenu14
Enter hero's abilities submenu4
Right click508
Select / deselect275
Select group hotkey135
Use ability51
1106 total
» units
Peasant27
Footman11
Spell Breaker5
43 total
» upgrades
Defend1
Lumber Harvesting1
2 total
» buildings
Altar of Kings1
Farm5
Barracks1
Scout Tower1
Lumber Mill1
Arcane Tower1
Keep2
Arcane Vault1
Arcane Sanctum2
15 total
» build order
00:06 Altar of Kings
00:18 Farm
00:50 Barracks
00:58 Farm
01:33 Scout Tower
01:36 Farm
02:03 Lumber Mill
02:13 Arcane Tower
04:34 Keep
05:10 Arcane Vault
06:56 Arcane Sanctum
07:08 Arcane Sanctum
11:18 Farm
11:45 Farm
Undeadteiva (blue | 113 APM | 1665 actions | 14:47)
Hero icon 3 Death Knight
Ability icon 2 Death Coil
Ability icon 1 Unholy Aura
Hero icon 2 Lich
Ability icon 1 Frost Nova
Ability icon 1 Dark Ritual
Hero icon 1 Crypt Lord
Ability icon 1 Impale

» actions
Assign group hotkey29
Basic commands2
Build / train40
Enter build submenu10
Enter hero's abilities submenu6
Give item / drop item1
Remove unit from queue1
Right click854
Select / deselect248
Select group hotkey430
Use ability44
1665 total
» units
Acolyte4
Ghoul5
Crypt Fiend8
Obsidian Statue1
18 total
» upgrades
Burrow1
1 total
» buildings
Crypt1
Graveyard1
Altar of Darkness1
Ziggurat4
Tomb of Relics1
Nerubian Tower1
Halls of the Dead1
Slaughterhouse2
Black Citadel1
13 total
» build order
00:20 Crypt
00:31 Graveyard
00:47 Altar of Darkness
01:01 Ziggurat
01:16 Tomb of Relics
01:57 Ziggurat
02:49 Nerubian Tower
05:59 Ziggurat
06:01 Halls of the Dead
07:18 Ziggurat
08:41 Slaughterhouse
08:43 Black Citadel
10:26 Slaughterhouse
» items
Rod of Necromancy3
Dust of Appearance1
Scroll of Town Portal1
5 total
team 2
OrcDNK. (yellow | 131 APM | 1964 actions | 14:57)
Hero icon 3 Blademaster
Ability icon 2 Wind Walk
Ability icon 1 Critical Strike
Hero icon 3 Shadow Hunter
Ability icon 2 Healing Wave
Ability icon 1 Hex

» actions
Assign group hotkey13
Basic commands58
Build / train48
ESC pressed4
Enter build submenu16
Enter hero's abilities submenu6
Give item / drop item4
Right click1104
Select / deselect259
Select group hotkey371
Use ability81
1964 total
» units
Peon7
Grunt8
Spirit Walker3
Raider3
21 total
» upgrades
Ensnare1
Berserker Strength1
Spirit Walker Training1
3 total
» buildings
Altar of Storms1
Orc Burrow6
Voodoo Lounge1
Barracks1
Stronghold2
Beastiary2
Spirit Lodge2
Fortress1
16 total
» build order
00:07 Altar of Storms
00:12 Orc Burrow
00:15 Orc Burrow
00:50 Voodoo Lounge
01:16 Barracks
01:57 Orc Burrow
03:13 Stronghold
03:14 Stronghold
05:38 Orc Burrow
06:12 Orc Burrow
06:48 Beastiary
06:50 Spirit Lodge
08:47 Beastiary
08:49 Spirit Lodge
10:52 Orc Burrow
14:08 Fortress
» items
Healing Salve3
Scroll of Speed3
Lesser Clarity Potion3
Scroll of Town Portal1
Boots of Speed1
Staff of Teleportation1
12 total
Humanmata. (green | 149 APM | 2221 actions | 14:52)
Hero icon 3 Archmage
Ability icon 2 Summon Water Elemental
Ability icon 1 Brilliance Aura
Hero icon 3 Mountain King
Ability icon 2 Storm Bolt
Ability icon 1 Bash

» actions
Assign group hotkey218
Basic commands57
Build / train76
Enter build submenu16
Enter hero's abilities submenu6
Remove unit from queue4
Right click953
Select / deselect545
Select group hotkey276
Use ability70
2221 total
» units
Peasant9
Footman9
Priest8
Sorceress8
Spell Breaker7
41 total
» upgrades
Defend1
Priest Training0
Sorceress Training1
2 total
» buildings
Altar of Kings1
Barracks1
Farm8
Arcane Vault1
Keep1
Arcane Sanctum2
Arcane Tower8
22 total
» build order
00:04 Altar of Kings
00:19 Barracks
00:32 Farm
01:03 Farm
01:28 Farm
03:01 Arcane Vault
03:04 Keep
04:46 Farm
04:47 Farm
05:31 Arcane Sanctum
06:52 Arcane Sanctum
07:45 Farm
10:14 Farm
10:17 Farm
12:01 Arcane Tower
12:02 Arcane Tower
12:02 Arcane Tower
12:10 Arcane Tower
12:10 Arcane Tower
» items
Scroll of Regeneration2
Scroll of Town Portal1
Ivory Tower6
9 total